 Dungeon Crawl Stone Soup version 0.29.1-15-g9cfb28693d (webtiles) character file.

Game seed: 6355031551009353032

14 Heoruswealwe the Magician (level 2, 13/13 HPs)
             Began as a Deep Elf Earth Elementalist on Mar 21, 2023.
             Was a Follower of Hepliaklqana.
             Got out of the dungeon alive.
             The game lasted 00:08:23 (916 turns).

Heoruswealwe the Magician (DEEE)                     Turns: 916, Time: 00:08:23

Health: 13/13      AC:  2    Str:  5    XL:     2   Next: 27%
Magic:  8/8        EV: 12    Int: 19    God:    Hepliaklqana [*.....]
Gold:   55         SH:  0    Dex: 15    Spells: 5/8 levels left

rFire   . . .      SeeInvis .   (no weapon)
rCold   . . .      Faith    .   (no shield)
rNeg    . . .      Spirit   .   a - +0 robe
rPois   .          Reflect  .   (no helmet)
rElec   .          Harm     .   (no cloak)
rCorr   .          Rampage  .   (no gloves)
Will    .....                   (no boots)
Stlth   ++........              (no amulet)
HPRegen 0.04/turn               (no ring)
MPRegen 0.11/turn               (no ring)

@: no status effects
A: reduced essence
a: Renounce Religion, Recall Ancestor, Ancestor Identity


You escaped.
You worshipped Hepliaklqana.
Hepliaklqana was aware of your devotion.
You visited 1 branch of the dungeon, and saw 1 of its levels.

You collected 55 gold pieces.

Inventory:

Hand Weapons
 i - a +0 hand axe
Armour
 a - a +0 robe (worn)
Scrolls
 e - 2 scrolls of blinking {unknown}
 j - a scroll of identify {unknown}
Potions
 b - a potion of magic
 c - a potion of flight {unknown}
 d - a potion of curing {unknown}
 f - a potion of heal wounds {unknown}
 g - a potion of lignification {unknown}
 h - a potion of might {unknown}


   Skills:
 - Level 2.4 Dodging
 - Level 2.4 Stealth
 * Level 3.6 Spellcasting
 + Level 1.5 Transmutations
 + Level 3.5 Earth Magic


You had 5 spell levels left.
You knew the following spells:

 Your Spells              Type           Power      Damage    Failure   Level
a - Sandblast             Erth           32%        2d9       3%          1
b - Passwall              Tmut/Erth      10%        N/A       8%          2

Your spell library contained the following spells:

 Spells                   Type           Power      Damage    Failure   Level
 Stone Arrow              Conj/Erth      20%        3d8       21%         3
 Petrify                  Tmut/Erth      13%        N/A       45%         4
 Summon Ice Beast         Ice/Summ       3%         N/A       80%         4
 Summon Mana Viper        Hex/Summ       3%         N/A       98%         5
 Monstrous Menagerie      Summ           1%         N/A       100%        7


Dungeon Overview and Level Annotations

Branches:
Dungeon (1/15)

Altars:
Hepliaklqana


Message History

You kill the quokka!
You see here a quokka corpse.
Casting: Sandblast (safe; 3% risk of failure)
Confirm with . or Enter, or press ? or * to list all spells.
Aiming: Passwall (safe; 8% risk of failure)
Press: ? - help, Dir - move target A rock wall.
You begin to meditate on the wall.
You continue meditating on the rock. x2
You finish merging with the rock.
Found a leather armour.
You see here a +0 leather armour.
Found 2 curare-tipped darts.
You see here 2 curare-tipped darts.
Found a hand axe.
A ball python comes into view.
Found a faded altar of an unknown god.
You see here a +0 hand axe.
i - a +0 hand axe The ball python hisses angrily.
The blast of sand hits the ball python!
You kill the ball python!
There is a faded altar of an unknown god here.
You cannot tell which god this altar belongs to.
Convert to them anyway?
Hepliaklqana accepts your prayer! Hepliaklqana welcomes you!
Hepliaklqana forms a fragment of your life essence into the memory of your ancestor, Bolek!
You can now recall your ancestor.
You can now remember your ancestor's identity.
Found a scroll labelled FUEXKOHYNO.
A quokka comes into view.
The blast of sand hits the quokka!
You kill the quokka!
j - a scroll labelled FUEXKOHYNO Done exploring.
You swap places.
Search for what [? for help]? .
Unknown command.
There is a staircase leading out of the dungeon here.
Are you sure you want to leave the Dungeon?
This will make you lose the game!
You have escaped!

#.##.........# ###.......#.#.#
#.##.........######.......#.#.#.#
#.##....####.##...#.###....)..#.#
#............#..#...###.###.###.#
#############..#.#..##..........#
.......#......#...#......##.#####
.###.###.#####.....#####.##.#...#
.# #.#.#..#...........#..##.#.#.#
.# #.#.....#....@....#..###.#.#†#
.# #.#.....#....R....#..###.#.#.#
.# #.#.#..#...........#..##.#.#.#
####.#.#.#####.....#####.##.#.#..
.....#.#......#...#......##.#.###
######.######..#.#...######.#....
.......# ##..#....# #.#####
###############.....## #......
...............#...## ###....


You could see the friendly Bolek the ancestor.

Vanquished Creatures
  2 ball pythons (D:1)
  An endoplasm (D:1)
  A goblin (D:1)
  2 hobgoblins (D:1)
  4 quokkas (D:1)
  A kobold (D:1)
11 creatures vanquished.

Notes
Turn   | Place    | Note
-------+----------+-------------------------------------------
     0 | D:1      | Heoruswealwe the Deep Elf Earth Elementalist began the
                  | quest for the Orb.
     0 | D:1      | Reached XP level 1. HP: 10/10 MP: 6/6
   358 | D:1      | Reached XP level 2. HP: 13/15 MP: 5/8
   387 | D:1      | Learned a level 2 spell: Passwall
   715 | D:1      | Found a faded altar of an unknown god.
   724 | D:1      | Prayed at the altar of an unknown god.
   724 | D:1      | Became a worshipper of Hepliaklqana the Forgotten
   724 | D:1      | Reached * piety under Hepliaklqana
   916 | D:$      | Got out of the dungeon alive.

Illustrated notes

Levels and vault maps discovered:
D:1:      scummos_arrival_star, layout_basic, ebering_ecumenical_altar_box

Action                   || total
-------------------------++-------
 Cast: Sandblast         ||    15
       Passwall          ||     3
Dodge: Dodged            ||     2
